Map: Frost LE

Players

Loken - Winner!

  • Race: Protoss Protoss
  • Spawn Location: 7:00

FrogMint

  • Race: Zerg Zerg
  • Spawn Location: 5:00

VOD

Have the link to the VOD?

Description

Time

  • Played on: March 13, 2017, 1:07 p.m.
  • Length: 15:44
Show
View Real Time Build Order
Export as new Build Order

Loken Protoss - Winner!

Build Orders: Nexus First 

Get SALT Encoding   

  12  0:01  Probe (Chrono Boost)  
  13  0:11  Probe (Chrono Boost)  
  14  0:25  Probe (Chrono Boost)  
  15  0:47  Nexus  
  15  0:54  Pylon  
  15  1:12  Probe (Chrono Boost)  
  16  1:21  Assimilator  
  16  1:22  Probe (Chrono Boost)  
  17  1:30  Gateway  
  17  1:33  Probe (Chrono Boost)  
  17  1:34  Gateway  
  18  1:44  Pylon  
  18  1:48  Probe (Chrono Boost)  
  19  1:59  Probe x2 (Chrono Boost)  
  21  2:07  Pylon  
  21  2:09  Probe (Chrono Boost)  
  21  2:10  Probe (Chrono Boost)  
  23  2:17  Zealot  
  23  2:20  Probe (Chrono Boost)  
  23  2:22  Probe (Chrono Boost)  
  27  2:32  Probe (Chrono Boost)  
  27  2:33  Zealot  
  27  2:34  Probe (Chrono Boost)  
  31  2:43  Probe (Chrono Boost)  
  32  2:45  Probe (Chrono Boost)  
  32  2:48  Cybernetics Core  
  33  2:53  Probe (Chrono Boost)  
  33  2:59  Probe (Chrono Boost)  
  33  3:04  Probe (Chrono Boost)  
  35  3:07  Assimilator  
  35  3:09  Probe (Chrono Boost)  
  35  3:12  Warp Gate  
  36  3:14  Probe (Chrono Boost)  
  38  3:20  Probe (Chrono Boost)  
  38  3:24  Pylon  
  38  3:26  Probe (Chrono Boost)  
  39  3:30  Probe (Chrono Boost)  
  40  3:38  Probe (Chrono Boost)  
  41  3:42  Stargate  
  41  3:49  Probe (Chrono Boost)  
  41  3:50  Probe (Chrono Boost)  
  41  3:54  Assimilator  
  43  3:56  Stalker x2, Assimilator  
  43  4:00  Gateway, Probe (Chrono Boost)  
  48  4:03  Gateway  
  48  4:07  Probe (Chrono Boost)  
  48  4:21  Stargate  
  48  4:47  Probe (Chrono Boost)  
  49  4:54  Oracle  
  49  4:58  Probe (Chrono Boost)  
  53  5:05  Pylon  
  53  5:06  Pylon  
  53  5:08  Probe (Chrono Boost)  
  53  5:11  Oracle  
  57  5:19  Probe (Chrono Boost)  
  58  5:26  Zealot x2  
  58  5:27  Zealot x2  
  66  5:29  Probe (Chrono Boost)  
  67  5:40  Probe (Chrono Boost)  
  67  5:41  Twilight Council  
  68  5:46  Pylon  
  68  5:49  Pylon  
  68  5:50  Probe (Chrono Boost)  
  68  5:52  Oracle x2, Pylon  
  68  5:56  Forge x2  
  75  6:01  Stalker, Probe (Chrono Boost)  
  78  6:08  Nexus  
  78  6:15  Pylon  
  78  6:21  Pylon  
  78  6:23  Stalker x3  
  84  7:06  Gateway  
  84  7:08  Gateway  
  84  7:12  Gateway  
  84  7:16  Stalker, Pylon  
  84  7:17  Stalker x3, Pylon  
  84  7:19  Pylon  
  84  7:22  Blink  
  92  7:23  Protoss Ground Weapons Level 1, Protoss Ground Armor Level 1  
  92  7:26  Void Ray x2  
  100  7:31  Probe (Chrono Boost)  
  100  7:34  Probe (Chrono Boost)  
  102  7:41  Probe (Chrono Boost)  
  104  7:44  Probe (Chrono Boost)  
  104  7:50  Probe (Chrono Boost)  
  105  7:52  Probe (Chrono Boost)  
  105  7:55  Probe (Chrono Boost)  
  107  8:00  Probe (Chrono Boost)  
  107  8:02  Probe (Chrono Boost)  
  107  8:03  Assimilator x2  
  107  8:05  Probe (Chrono Boost)  
  110  8:09  Void Ray x2  
  110  8:11  Probe (Chrono Boost)  
  119  8:13  Probe (Chrono Boost)  
  119  8:16  Probe (Chrono Boost)  
  121  8:21  Probe (Chrono Boost)  
  122  8:27  Robotics Facility  
  122  8:28  Robotics Facility  
  122  8:31  Stalker x3  
  122  8:32  Stalker, Probe (Chrono Boost)  
  131  8:56  Void Ray  
  131  8:57  Void Ray  
  139  9:05  Zealot x5  
  139  9:06  Zealot x2  
  153  9:13  Pylon  
  153  9:15  Pylon  
  153  9:23  Charge  
  147  9:52  Stalker x4  
  147  9:53  Stalker x3  
  155  10:00  Probe (Chrono Boost)  
  156  10:11  Probe (Chrono Boost)  
  156  10:14  Protoss Ground Weapons Level 2, Protoss Ground Armor Level 2, Robotics Bay  
  157  10:18  Observer x2  
  157  10:21  Probe (Chrono Boost), Void Ray x2  
  168  10:40  Zealot  
  168  10:41  Zealot  
  172  10:47  Nexus  
  172  10:53  Pylon  
  172  10:54  Pylon  
  172  10:56  Pylon  
  172  10:57  Pylon  
  172  10:58  Pylon  
  172  11:00  Pylon  
  172  11:07  Resonating Glaives  
  172  11:15  Extended Thermal Lance  
  172  11:19  Colossus x2  
  184  11:28  Pylon  
  184  11:36  Gateway  
  184  11:37  Gateway  
  184  11:42  Gateway  
  184  11:44  Stalker x4  
  184  11:45  Stalker x3  
  198  12:33  Protoss Ground Armor Level 3  
  198  12:45  Protoss Ground Weapons Level 3  
  124  13:30  Stalker x5  
  124  13:31  Stalker x5  
  144  13:36  Assimilator  
  144  13:41  Assimilator  
  144  13:47  Pylon  
  144  13:50  Pylon  
  144  13:52  Void Ray, Colossus x2  
  144  13:53  Void Ray  
  156  13:59  Stalker  
  156  14:00  Stalker x5  
  156  14:01  Stalker x4  
  184  14:28  Pylon  
  184  14:32  Zealot x5  
  184  14:33  Zealot x3  
  152  15:39  Stalker x3  
  152  15:40  Stalker x3  
  152  15:41  Stalker x4  
Show
View Real Time Build Order
Export as new Build Order

FrogMint Zerg 

Build Orders: Hatch First, Lurkers 

Get SALT Encoding   

  12  0:01  Drone  
  13  0:17  Drone  
  13  0:20  Overlord  
  14  0:38  Drone x2  
  14  0:40  Drone  
  17  0:58  Hatchery  
  17  0:59  Drone  
  17  1:03  Drone  
  18  1:07  Extractor  
  17  1:17  Spawning Pool  
  16  1:23  Drone x2  
  18  1:33  Drone  
  19  1:45  Overlord  
  19  1:54  Drone  
  20  2:05  Queen  
  22  2:14  Drone x2  
  24  2:16  Metabolic Boost  
  24  2:20  Zergling x2  
  24  2:22  Zergling x2  
  26  2:27  Queen  
  28  2:32  Drone  
  28  2:34  Drone  
  30  2:51  Drone  
  30  2:52  Drone x2  
  30  2:55  Overlord  
  33  3:01  Overlord  
  33  3:03  Queen  
  35  3:12  Overlord  
  35  3:13  Queen  
  35  3:16  Drone x2  
  39  3:23  Drone  
  39  3:24  Drone  
  39  3:25  Drone  
  42  3:34  Drone x2  
  44  3:42  Hatchery  
  43  3:58  Drone x5  
  46  4:21  Drone x2, Extractor  
  46  4:22  Drone, Extractor  
  46  4:23  Drone  
  48  4:28  Lair  
  48  4:48  Spore Crawler  
  48  4:52  Spore Crawler  
  46  4:55  Drone x3  
  49  5:06  Drone x2  
  51  5:16  Roach Warren  
  51  5:18  Drone x2  
  52  5:23  Queen  
  52  5:24  Drone x2  
  56  5:29  Overlord x2  
  56  5:32  Extractor  
  56  5:34  Overlord  
  56  5:35  Overlord  
  55  5:38  Pneumatized Carapace  
  55  5:49  Drone x3  
  59  5:50  Drone  
  59  5:53  Drone  
  60  5:57  Glial Reconstitution  
  60  6:03  Roach x4  
  60  6:04  Roach  
  70  6:09  Drone  
  70  6:10  Drone x2  
  73  6:16  Overseer  
  73  6:39  Zergling x2  
  75  6:40  Zergling x22  
  75  6:46  Hatchery  
  66  7:09  Drone x2, Spore Crawler  
  66  7:13  Drone x3  
  70  7:23  Queen  
  70  7:24  Queen  
  70  7:25  Queen  
  70  7:26  Overlord  
  70  7:27  Overlord x2  
  76  7:42  Hatchery  
  75  7:44  Spore Crawler  
  75  7:45  Drone  
  75  7:46  Drone, Spore Crawler  
  75  7:47  Drone x4  
  75  7:48  Drone x5  
  75  7:49  Drone  
  85  7:58  Queen  
  85  8:00  Queen  
  85  8:01  Queen  
  91  8:14  Hydralisk Den  
  91  8:19  Baneling Nest  
  89  8:26  Evolution Chamber  
  88  8:29  Evolution Chamber  
  88  8:30  Drone x4  
  91  8:36  Queen  
  93  8:47  Hydralisk  
  93  8:48  Hydralisk x12  
  95  8:50  Muscular Augments  
  95  8:51  Overlord x3  
  119  9:12  Queen  
  119  9:13  Extractor  
  119  9:14  Extractor  
  119  9:15  Drone x2  
  119  9:16  Drone  
  122  9:25  Drone  
  122  9:26  Drone, Hydralisk x9  
  139  9:37  Drone x2  
  139  9:38  Drone x5  
  146  9:57  Drone x4  
  150  10:12  Overlord x3  
  150  10:13  Overlord  
  150  10:14  Hatchery  
  149  10:23  Ravager  
  150  10:42  Drone x4  
  154  10:54  Overlord x3  
  154  10:56  Overlord  
  154  10:57  Hydralisk x2  
  154  10:58  Hydralisk  
  154  10:59  Zergling x2  
  154  11:00  Zergling x4  
  163  11:12  Centrifical Hooks  
  163  11:15  Zerg Ground Armor Level 1, Zerg Missile Weapons Level 1  
  163  11:17  Lurker Den  
  163  11:20  Zergling x8  
  163  11:21  Zergling x10  
  172  11:26  Baneling x3  
  172  11:27  Baneling x25  
  172  11:29  Hydralisk  
  174  11:39  Ravager x4  
  178  11:50  Zergling x20  
  178  11:51  Hydralisk  
  178  11:52  Hydralisk x2  
  194  11:57  Drone x2  
  196  12:05  Extractor  
  196  12:06  Extractor  
  194  12:24  Hydralisk x3  
  200  12:30  Baneling  
  200  12:31  Baneling x13  
  200  12:32  Baneling x13  
  200  12:38  Burrow  
  176  13:12  Hydralisk  
  130  13:13  Hydralisk x21  
  160  13:30  Hydralisk x6  
  172  13:49  Spire  
  172  13:54  Drone x3  
  172  13:55  Drone x11  
  185  14:12  Lurker x2  
  185  14:13  Lurker x3  
  190  14:17  Lurker x3  
  190  14:18  Lurker  
  190  14:22  Drone  
  190  14:23  Drone  
  196  14:47  Hydralisk x2  
  200  15:15  Extractor  
  200  15:17  Extractor  
Tags
 
Composition
Lurkers
Matchup
PvZ
Spawn Locations
Close Positions
Add a new tag
Caveats
  • Supply blocks, unpowered buildings, or Contaminate may cause inaccurate times.
  • Supply counts are checked every 10 seconds.